 Dungeon Crawl Stone Soup version 0.32-a0-12-g7fc57aa741 (webtiles) character file.

Game seed: 13935378421372720297

82880 dialectric the Bludgeoner (level 15, -6/141 HPs)
             Began as a Minotaur Fighter on Jan 14, 2024.
             Was a Believer of Jiyva.
             Mangled by an entropy weaver (9 damage)
             ... on level 2 of the Spider Nest.
             The game lasted 00:26:11 (16811 turns).

dialectric the Bludgeoner (Minotaur Fighter)       Turns: 16811, Time: 00:26:12

Health: -6/141     AC: 26    Str: 22    XL:     15   Next: 30%
Magic:  0/23       EV: 11    Int:  9    God:    Jiyva [**....]
Gold:   1082       SH:  0    Dex: 14    Spells: 14/14 levels left

rFire   + + .        G - +8 eveningstar (protect)
rCold   + . .        (no shield)
rNeg    . . .        d - +7 chain mail "Xen Woo" {Regen+ Str-4 Int+4 Dex+2}
rPois   .            (helmet restricted)
rElec   +            L - scarf {rC+ rF+}
rCorr   +            o - +0 pair of gloves
SInv    +            C - +2 pair of boots
Will    ++...        j - amulet of Kiduecei {Spirit +Blink rElec rF+ Will+} Stlth
                     r - ring of see invisible
HPRegen 2.19/turn    T - ring of magical power
MPRegen 0.66/turn

%: guardian spirit
@: lethally poisoned (-6 -> -22)
A: horns 2, retaliatory headbutt
a: Renounce Religion, Evoke Blink


You were on level 2 of the Spider Nest.
You worshipped Jiyva.
Jiyva was pleased with you.
You visited 5 branches of the dungeon, and saw 21 of its levels.

You collected 1260 gold pieces.
You spent 178 gold pieces at shops.

Inventory:

Hand Weapons
 G - a +8 eveningstar of protection (weapon)
 J - a +1 morningstar of holy wrath
 V - the +2 great mace "Hiteorch" {heavy, rElec rN+++}
   (You found it on level 1 of the Orcish Mines)

   rElec:     It insulates you from electricity.
   rN+++:     It renders you almost immune to negative energy.
 Y - a +2 heavy eveningstar
Missiles
 m - 34 poisoned darts (quivered)
Armour
 a - a +0 kite shield of reflection
 d - the +7 chain mail "Xen Woo" (worn) {Regen+ Str-4 Int+4 Dex+2}
   (You found it on level 6 of the Dungeon)

   Str-4:     It affects your strength (-4).
   Int+4:     It affects your intelligence (+4).
   Dex+2:     It affects your dexterity (+2).
   Regen+:    It increases your rate of health regeneration.
 o - a +0 pair of gloves (worn)
 C - a +2 pair of boots (worn)
 L - a scarf of resistance (worn)
 W - a scarf of shadows
 Z - a +7 chain mail of ponderousness
Jewellery
 j - the amulet of Kiduecei (around neck) {Spirit +Blink rElec rF+ Will+}
   (You found it on level 2 of the Dungeon)

   [amulet of guardian spirit]

   Spirit:    It causes incoming damage to be divided between your reserves of
   health and magic.
   rF+:       It protects you from fire.
   rElec:     It insulates you from electricity.
   Will+:     It increases your willpower.
   +Blink:    It lets you blink.
 p - a ring of poison resistance
 r - a ring of see invisible (left hand)
 s - an amulet of reflection
 A - a ring of resist corrosion
 O - an amulet of regeneration
 Q - a ring of protection from cold
 T - a ring of magical power (right hand)
Talismans
 U - a maw talisman
Wands
 g - a wand of paralysis (6)
 B - a wand of flame (25)
 H - a wand of quicksilver (1)
 M - a wand of digging (9)
Scrolls
 e - 9 scrolls of identify
 f - 4 scrolls of silence
 h - a scroll of immolation
 l - a scroll of fog
 n - 7 scrolls of teleportation
 q - 4 scrolls of fear {unknown}
 v - 2 scrolls of blinking
 w - a scroll of amnesia {unknown}
 y - 4 scrolls of vulnerability
 z - a scroll of poison {unknown}
 D - 2 scrolls of summoning {unknown}
 E - 4 scrolls of acquirement {unknown}
 F - 3 scrolls of noise {unknown}
 I - 2 scrolls of brand weapon {unknown}
 K - a scroll of enchant armour
 P - 2 scrolls of revelation {unknown}
Potions
 b - 2 potions of enlightenment
 c - a potion of resistance {unknown}
 k - 2 potions of attraction
 t - 3 potions of magic
 u - 4 potions of curing
 x - 2 potions of cancellation
 N - 2 potions of brilliance
 R - a potion of haste
 S - a potion of might
 X - a potion of berserk rage {unknown}


   Skills:
 + Level 15.0 Fighting
 + Level 19.0 Maces & Flails
 * Level 17.5 Armour
 + Level 3.9 Dodging
 + Level 14.4 Shields


You had 14 spell levels left.
You didn't know any spells.
Your spell library contained the following spells:

 Spells                   Type           Power      Damage    Failure   Level
 Necrotise                Necr           0%         1d4       80%         1
 Sandblast                Erth           0%         2d4       80%         1
 Mephitic Cloud           Conj/Alch/Air  0%         N/A       99%         3
 Passwall                 Erth           0%         N/A       99%         3
 Stone Arrow              Conj/Erth      0%         3d7       99%         3
 Animate Dead             Necr           0%         N/A       100%        4
 Brom's Barrelling Bould  Conj/Erth      0%         2d3       100%        4
 Alistair's Intoxication  Alch           0%         N/A       100%        5
 Borgnjor's Vile Clutch   Necr/Erth      0%         N/A       100%        5
 Silence                  Hex/Air        0%         N/A       100%        5
 Bombard                  Conj/Erth      0%         9d1       100%        6
 Eringya's Noxious Bog    Alch           0%         4d6       100%        6
 Chain Lightning          Conj/Air       0%         N/A       100%        9
 Fire Storm               Conj/Fire      0%         5d1       100%        9


Dungeon Overview and Level Annotations

Branches:
Dungeon (11/15)            Temple (0/1) D:7            Lair (5/5) D:11
 Shoals (0/4) Lair:3       Spider (2/4) Lair:2        Slime (0/5) Lair:5
    Orc (2/2) D:10            Elf (1/3) Orc:2

Altars:
Okawaru
Sif Muna
Xom
Zin
The Shining One
Jiyva

Shops:
D:9 *:   Orc:1 [*   Orc:2 *(([

Annotations:
D:10 2 runed translucent doors, DeathSocks's ghost, novice HOMo


Innate Abilities, Weirdness & Mutations

You have a pair of horns on your head.
You reflexively headbutt those who attack you in melee.


Message History

You are too confused!
Unknown command.
You feel much better.
You feel very sick.
The redback bites you but does no damage. x2
The orb spider begins to weave its threads into a brightly glowing ball.
The tarantella closely misses you.
The redback bites you but does no damage.
The redback bites you!
* * * LOW HITPOINT WARNING * * *
You are lethally poisoned!
The redback poisons you!
Unknown command.
You feel better.
The tarantella touches you but does no damage.
The entropy weaver casts a spell at you.
The redback bites you but does no damage.
The redback barely misses you. You furiously retaliate!
You headbutt the redback. The spark wasp barely misses you.
The tarantella touches you but does no damage.
The redback bites you.
* * * LOW HITPOINT WARNING * * *
You are poisoned.
The redback poisons you!
The culicivora chitters at the redback.
The redback is healed somewhat.
The redback bites you but does no damage. x2
The redback closely misses you.
There is a stone staircase leading up here.
Unknown command.
Unknown command.
* * * LOW HITPOINT WARNING * * *
You feel extremely sick. The spark wasp stings you!!
* * * LOW HITPOINT WARNING * * *
The spark wasp shocks you. You resist.
* * * LOW HITPOINT WARNING * * *
The redback bites you but does no damage.
The entropy weaver hits you!
You die...

..... .... ... ~#
......~.. #.. .~~
......~≈~ ###≈. ....
.....~~.# #.~~##....
......... #..s......
......s.# ##.@B......
........#####.sys......
.......?#..#...s.......
#.§†.##ss.....[..#
#.†...............
#.°#..............
#####.......#....##
##...^.......#.....#
#...........###.....


You could see an entropy weaver, a spark wasp, an orb spider (charged), a
culicivora, a jumping spider, a tarantella and 2 redbacks.

Vanquished Creatures
  Rupert (Lair:5)
  Donald (Spider:1)
  A stone giant (Orc:1)
  A spark wasp (Spider:2)
  The ghost of runemasterragnar the Disciple of Destruction, a journeyman DsSh of Makhleb (Orc:2)
  2 ettins (Orc:1)
  Fannar (Orc:1)
  3 hydras
  2 boulder beetles
  A catoblepas (Lair:3)
  3 dancing weapons (Elf:1)
  3 ogre magi
  16 two-headed ogres
  A centaur warrior (D:10)
  Erica (D:9)
  2 titan zombies (Orc:1)
  Urug (D:10)
  A deep elf knight (Elf:1)
  A pharaoh ant (Spider:1)
  2 skysharks (Lair:2)
  An orb spider (Spider:2)
  A steelbarb worm (Spider:1)
  An orc knight (Orc:1)
  A deep elf pyromancer (Elf:1)
  2 deep elf zephyrmancers (Elf:1)
  2 orc sorcerers (Orc:1)
  A wolf spider (Spider:1)
  A stone giant zombie (Orc:1)
  18 cyclopes
  A meliai (shapeshifter) (D:11)
  14 elephants
  5 black mambas
  A torpor snail (Lair:1)
  5 cane toads
  Maggie (Lair:2)
  3 rime drakes
  A cane toad (shapeshifter) (Elf:1)
  8 komodo dragons
  2 polar bears (Lair:3)
  The ghost of AAAAAHH the Slasher, an amateur MiFi of Trog (D:5)
  4 trolls
  3 blink frogs (Lair:1)
  9 tarantellas
  A hornet (D:9)
  5 dream sheep (Lair:5)
  3 jumping spiders
  A snapping turtle (Lair:3)
  3 culicivoras (Spider:1)
  A shadow (D:11)
  A water elemental (Lair:3)
  6 wyverns
  A fire elemental (Elf:1)
  63 yaks
  3 wargs
  3 basilisks
  3 redbacks
  4 steam dragons
  Menkaure (D:4)
  3 acid dragons
  15 water moccasins
  2 swamp worms (Lair:1)
  3 swamp drakes (Lair:5)
  A sky beast (D:7)
  27 orc warriors
  8 black bears
  An ice beast (D:6)
  31 ogres
  A centaur (D:9)
  16 wolves
  A phantom (D:7)
  Blork the orc (D:4)
  A kobold brigand (D:7)
  12 bullfrogs
  A gnoll sergeant (D:5)
  5 scorpions
  A cyclops zombie (Orc:1)
  9 wights
  7 jellies
  7 hounds
  A bombardier beetle (D:6)
  17 orc priests
  2 gnoll boudas
  2 sleepcaps (D:5)
  28 orc wizards
  5 iguanas
  8 adders
  15 gnolls
  A shadow imp (D:5)
  A white imp (D:4)
  3 ribbon worms (D:4)
  7 dart slugs
  82 orcs
  5 endoplasms
  3 giant cockroaches
  7 goblins
  6 hobgoblins
  4 jackals (D:4)
  2 quokkas (D:4)
  8 ball pythons
  4 bats
  3 frilled lizards
  14 kobolds
  3 rats
614 creatures vanquished.

Vanquished Creatures (others)
  An ogre mage (Orc:2)
  A two-headed ogre (Orc:2)
  A centaur simulacrum (D:10)
  A water elemental (Elf:1)
  A wolf (Orc:1)
  31 jellies
  4 orc priests
  An orc wizard (Orc:1)
  2 orcs
43 creatures vanquished.

Grand Total: 657 creatures vanquished

Notes
Turn   | Place    | Note
-------+----------+-------------------------------------------
     0 | D:1      | dialectric the Minotaur Fighter began the quest for the
                  | Orb.
     0 | D:1      | Reached XP level 1. HP: 19/19 MP: 0/0
   317 | D:1      | Reached XP level 2. HP: 23/27 MP: 1/1
   553 | D:2      | Identified the amulet of Kiduecei {Spirit +Blink rElec rF+
                  | Will+}
   570 | D:2      | Reached skill level 1 in Dodging
   792 | D:2      | Reached skill level 3 in Maces & Flails
   917 | D:3      | Reached XP level 3. HP: 30/33 MP: 2/2
   994 | D:3      | Reached XP level 4. HP: 41/41 MP: 3/3
  1605 | D:4      | Noticed an ogre
  1615 | D:4      | Killed an ogre
  1616 | D:4      | Reached skill level 5 in Fighting
  1616 | D:4      | Reached skill level 4 in Maces & Flails
  1616 | D:4      | Reached skill level 5 in Armour
  1616 | D:4      | Reached XP level 5. HP: 14/48 MP: 1/4
  1783 | D:4      | Noticed Menkaure
  1793 | D:4      | Killed Menkaure
  1794 | D:4      | Reached XP level 6. HP: 32/56 MP: 2/5
  1992 | D:4      | Noticed Blork the orc
  2014 | D:4      | Killed Blork the orc
  2187 | D:4      | Reached skill level 5 in Maces & Flails
  2305 | D:4      | Reached XP level 7. HP: 48/63 MP: 4/6
  2864 | D:5      | Entered Level 5 of the Dungeon
  2904 | D:5      | Reached skill level 6 in Maces & Flails
  2996 | D:5      | Found a runed translucent door.
  2996 | D:5      | Noticed AAAAAHH's ghost (amateur MiFi)
  3640 | D:5      | Killed AAAAAHH's ghost
  3641 | D:5      | Reached skill level 7 in Maces & Flails
  3641 | D:5      | Reached XP level 8. HP: 55/70 MP: 5/7
  3795 | D:6      | Got Itrus's Spellbook of Airy Striking
  4010 | D:6      | Reached skill level 8 in Maces & Flails
  4364 | D:6      | Identified the +7 chain mail "Xen Woo" {Regen+ Str-4 Int+4
                  | Dex+2}
  4924 | D:7      | Reached skill level 9 in Maces & Flails
  4950 | D:7      | Found a staircase to the Ecumenical Temple.
  5059 | D:7      | Found a shimmering altar of Xom.
  5104 | D:7      | Reached XP level 9. HP: 65/75 MP: 5/8
  5213 | D:7      | Reached skill level 10 in Armour
  5230 | D:7      | Found an iron altar of Okawaru.
  5286 | D:7      | Reached skill level 10 in Maces & Flails
  5826 | D:8      | Reached skill level 5 in Shields
  6012 | D:8      | Reached skill level 11 in Maces & Flails
  6073 | D:8      | Got the Enchiridion on Unholy Kinetic Energy
  6190 | D:8      | Reached XP level 10. HP: 77/86 MP: 6/9
  6624 | D:9      | Found Seavvepn's Book Shop.
  6624 | D:9      | Noticed Erica
  6653 | D:8      | Reached skill level 12 in Maces & Flails
  6806 | D:9      | Killed Erica
  6994 | D:9      | Found Zin's Purification Station.
  6998 | D:9      | Found a glowing silver altar of Zin.
  7326 | D:10     | Entered Level 10 of the Dungeon
  7363 | D:10     | Noticed a centaur warrior
  7374 | D:10     | Killed a centaur warrior
  7375 | D:10     | Reached skill level 13 in Maces & Flails
  7375 | D:10     | Reached XP level 11. HP: 54/95 MP: 5/10
  7533 | D:10     | Found a staircase to the Orcish Mines.
  7615 | D:10     | Found a runed translucent door.
  7620 | D:10     | Noticed a yaktaur captain
  7622 | D:10     | Noticed a boulder beetle
  7623 | D:10     | Noticed a skeletal warrior
  7623 | D:10     | Noticed a lich
  7625 | D:10     | Noticed DeathSocks's ghost (novice HOMo)
  7628 | D:10     | Found a runed translucent door.
  7631 | D:10     | Noticed a necromancer
  7863 | D:10     | Found a glowing golden altar of the Shining One.
  7868 | D:10     | Found a shimmering blue altar of Sif Muna.
  7927 | D:10     | Identified the amulet "Wemihis" {Faith rElec Regen+ Dex+4}
  8266 | Orc:1    | Entered Level 1 of the Orcish Mines
  8266 | Orc:1    | Noticed Urug
  8292 | D:10     | Killed Urug
  8491 | D:11     | Reached skill level 14 in Maces & Flails
  8509 | D:11     | Found a staircase to the Lair.
  8563 | D:11     | Noticed a boulder beetle
  8614 | D:11     | Killed a boulder beetle
  8678 | D:11     | Noticed a two-headed ogre
  8683 | D:11     | Killed a two-headed ogre
  8684 | D:11     | Reached skill level 10 in Fighting
  8798 | D:11     | Noticed a two-headed ogre
  8802 | D:11     | Killed a two-headed ogre
  8803 | D:11     | Reached XP level 12. HP: 106/106 MP: 11/11
  8811 | D:11     | Reached skill level 15 in Maces & Flails
  9039 | Lair:1   | Entered Level 1 of the Lair of Beasts
  9340 | Lair:1   | Reached skill level 10 in Shields
  9845 | Lair:2   | Found a hole to the Spider Nest.
  9880 | Lair:2   | Reached skill level 16 in Maces & Flails
  9902 | Lair:2   | Noticed Maggie
  9913 | Lair:2   | Killed Maggie
 10009 | Lair:2   | Noticed an eight-headed hydra
 10019 | Lair:2   | Killed an eight-headed hydra
 10334 | Lair:2   | You fall into a shaft and drop 1 floor!
 10434 | Lair:3   | Reached XP level 13. HP: 116/116 MP: 12/12
 11023 | Lair:3   | Found a staircase to the Shoals.
 11299 | Lair:4   | Reached skill level 17 in Maces & Flails
 11690 | Lair:5   | Entered Level 5 of the Lair of Beasts
 11863 | Lair:2   | Reached skill level 15 in Armour
 12611 | Lair:5   | Noticed Rupert
 12634 | Lair:5   | Killed Rupert
 12876 | Lair:5   | Found a viscous altar of Jiyva.
 12884 | Lair:5   | Found a staircase to the Slime Pits.
 13395 | Lair:5   | Became a worshipper of Jiyva Jexzy the Shapeless
 13642 | Orc:1    | Reached XP level 14. HP: 109/129 MP: 10/13
 13685 | Orc:1    | Noticed Fannar
 13698 | Orc:1    | Killed Fannar
 13825 | Orc:1    | Reached skill level 18 in Maces & Flails
 14047 | Orc:1    | Found Plog's Assorted Antiques.
 14055 | Orc:1    | Bought a scroll of teleportation for 51 gold pieces
 14055 | Orc:1    | Bought a scroll of enchant weapon for 127 gold pieces
 14076 | Orc:1    | Found Seg Jugo's Armour Emporium.
 14421 | Orc:1    | Noticed a stone giant
 14425 | Orc:1    | Found the +7 lajatang of Order {silver, rMut}
 14437 | Orc:1    | Killed a stone giant
 14538 | Orc:1    | Identified the +4 mace of the Moon {antimagic, rN+ Str+2}
 14540 | Orc:1    | Identified the +2 great mace "Hiteorch" {heavy, rElec
                  | rN+++}
 14621 | Orc:2    | Entered Level 2 of the Orcish Mines
 14625 | Orc:2    | Found a runed translucent gate.
 14625 | Orc:2    | Noticed runemasterragnar's ghost (journeyman DsSh)
 14629 | Orc:2    | Found a runed translucent gate.
 14634 | Orc:2    | Found a runed translucent gate.
 15009 | Orc:2    | Found a staircase to the Elven Halls.
 15068 | Orc:2    | Paralysed by an ogre mage for 3 turns
 15114 | Orc:2    | Reached * piety under Jiyva
 15131 | Orc:2    | Found Acaeg's General Store.
 15152 | Orc:2    | Found Gecruz's Antique Weapon Shop.
 15152 | Orc:2    | Found Getad Usu's Armour Shoppe.
 15152 | Orc:2    | Found Huuh's Antique Weapon Shop.
 15370 | Orc:2    | Killed runemasterragnar's ghost
 15377 | Orc:2    | Reached XP level 15. HP: 79/139 MP: 14/14
 15448 | Elf:1    | Entered Level 1 of the Elven Halls
 15595 | Elf:1    | Noticed a deep elf sorcerer
 15597 | Elf:1    | Paralysed by an air elemental for 1 turns
 15781 | Spider:1 | Entered Level 1 of the Spider Nest
 15898 | Spider:2 | Noticed Donald
 15921 | Spider:1 | Killed Donald
 16064 | Spider:1 | Reached ** piety under Jiyva
 16291 | Spider:1 | Reached skill level 19 in Maces & Flails
 16800 | Spider:2 | Reached skill level 15 in Fighting
 16807 | Spider:2 | HP: 7/141 [poisoned by a redback]
 16807 | Spider:2 | HP: 3/141 [tarantella (4)]
 16811 | Spider:2 | Mangled by an entropy weaver

Illustrated notes

Levels and vault maps discovered:
D:1:      dpeg_arrival_pits, layout_rooms, grunt_decor_fettered, fountainhead
D:2:      layout_rooms
D:3:      layout_rooms, serial_park_tiny_pond
D:4:      minmay_thinvault, layout_loops_ring, uniq_menkaure, uniq_blork_the_orc
D:5:      layout_loops_ring, ebering_ghost_sewer_d,
          nicolae_elevator_lobby_asterisk
D:6:      layout_basic
D:7:      layout_cave_pools, kennysheep_mini_moat, mainiacjoe_overflow_alcove_1,
          minmay_temple_entry_grid, minivault_27, grunt_ministairs_3,
          supply_closet_lemuel
D:8:      layout_loops_cross, uniq_psyche
D:9:      layout_roguey, zin_purify, serial_shops, shop,
          serial_library_hellmonk_semicircle, lightli_corner_chamber, uniq_erica
D:10:     layout_gridville, grunt_temple_overflow_open, david_orc_5,
          muffindrake_ghost_dual_entry, minmay_microvault
D:11:     layout_rooms, due_lair_maze_entry_diamond
Lair:1:   layout_roguey, worms_lemuel, infiniplex_staircase_pool_2
Lair:2:   layout_gridlike, spider_nest_entry_web_field,
          infiniplex_staircase_pool, uniq_maggie
Lair:3:   layout_regular_city, minmay_shoals_entry_hut,
          eino_small_chamber_without_monster, grunt_megastairs_4,
          lemuel_fruit_tree
Lair:4:   layout_cave_shapes, serial_bayou_pond_a
Lair:5:   guppyfry_lair_end_dragon, layout_cave_pods,
          nicolae_slime_entry_field_trip, uniq_rupert
Spider:1: layout_spider_delve, hangedman_spider_mandibles,
          hangedman_spider_tarantella_strand
Spider:2: layout_spider_delve, uniq_arachne, uniq_donald
Orc:1:    giant_chief_lemuel, layout_caves, serial_shops,
          nicolae_shop_advertising_works [nicolae_subvault_shop_adworks],
          nicolae_shop_hallway_stairs, ebering_ghost_inner_flame, uniq_urug,
          uniq_fannar
Orc:2:    st_orc_ogre_mass, layout_diamond_mine, gammafunk_ghost_split
Elf:1:    minmay_the_grid_triangle_9x9_rhombus_full
          [minmay_the_grid_triangle_9x9_from_above,
          minmay_the_grid_triangle_9x9_zippers_horizontal,
          minmay_the_grid_triangle_9x9_sparse_checkered,
          minmay_the_grid_triangle_9x9_wacky_v,
          minmay_the_grid_triangle_9x9_odd_lines,
          minmay_the_grid_triangle_9x9_warning,
          minmay_the_grid_triangle_9x9_sprig,
          minmay_the_grid_triangle_9x9_prize_special], layout_onion_city,
          minivault_28

Skill      XL: |  1  2  3  4  5  6  7  8  9 10 11 12 13 14 15 |
---------------+----------------------------------------------+-----
Dodging        | 1 2 3 |  3.9
Armour         | 4 5 6 7 9 11 12 13 14 15 16 17 | 17.5
Fighting       | 4 5 6 7 8 10 11 13 14 15 | 15.0
Maces & Flails | 3 4 5 7 9 11 13 14 16 17 18 19 | 19.0
Shields        | 5 7 9 10 12 14 | 14.4

Action                     |  1- 3 |  4- 6 |  7- 9 | 10-12 | 13-15 || total
---------------------------+-------+-------+-------+-------+-------++-------
  Melee: Flail             |    60 |    21 |       |       |       ||    81
         Headbutt          |     3 |    21 |    59 |   140 |   214 ||   437
         Dagger            |       |    30 |       |       |       ||    30
         Morningstar       |       |    51 |   353 |   313 |       ||   717
         Punch             |       |     2 |     5 |    12 |     9 ||    28
         Eveningstar       |       |       |       |   321 |   793 ||  1114
  Throw: Dart              |     1 |     3 |     3 |    34 |     7 ||    48
  Evoke: Wand              |       |       |       |       |     5 ||     5
    Use: Potion            |       |     1 |     1 |     1 |     3 ||     6
         Scroll            |       |     3 |     1 |    15 |     7 ||    26
 Armour: Scale mail        |    56 |    61 |   150 |       |       ||   267
         Chain mail        |       |       |   200 |   598 |   698 ||  1496
  Dodge: Dodged            |    36 |    47 |   205 |   290 |   295 ||   873
  Block: Buckler           |     1 |       |       |       |       ||     1

Table legend: (Time is in decaauts)
 A = Elapsed time spent in this place.
 B = Non-inter-level travel time spent in this place.
 C = Inter-level travel time spent in this place.
 D = Time resting spent in this place.
 E = Time spent auto-exploring this place.
 F = Levels seen in this place.
 G = Mean time per level.
                   A        B        C        D        E       F      G
               +--------+--------+--------+--------+--------+-----+--------+
         Total |  16571 |  15635 |    936 |    357 |  11072 |  21 |  789.1 |
       Dungeon |   9215 |   8685 |    530 |    182 |   6314 |  11 |  837.7 |
          Lair |   4421 |   4110 |    311 |     64 |   3101 |   5 |  884.2 |
   Spider Nest |   1002 |   1002 |      0 |      0 |    781 |   2 |  501.0 |
  Orcish Mines |   1791 |   1698 |     93 |    111 |    876 |   2 |  895.5 |
   Elven Halls |    141 |    141 |      0 |      0 |      0 |   1 |  141.0 |
               +--------+--------+--------+--------+--------+-----+--------+

Top non-repeatable levels by time:
     D:4: 1547 daAuts
  Lair:5: 1237 daAuts
    D:10: 1198 daAuts
   Orc:1: 1096 daAuts
     D:6: 1051 daAuts
     D:5: 1017 daAuts
  Lair:2: 967 daAuts
     D:8: 960 daAuts
Spider:1: 912 daAuts
  Lair:3: 826 daAuts
  Lair:1: 804 daAuts
     D:9: 731 daAuts
     D:7: 717 daAuts
   Orc:2: 694 daAuts
    D:11: 635 daAuts
